Lightning vs Sabres

Created - January 29 2007 at 19:42

Goals
1 2 3 T
Lightning 0 1 0 1
Sabres 2 0 1 3
Shots
1 2 3 T
Lightning 13 12 3 28
Sabres 9 12 9 30

Period #1

1. Sabres , Jason Pominville 8 (Derek Roy, Brian Campbell) at 8:20
2. Sabres , Jason Pominville 9 (Doug Weight, Maxim Afinogenov) at 15:14

Penalities :
Rob Blake (BUF) for Charging (Minor) at 4:09, Mike Modano (TBL) for Tripping (Minor) at 12:37, Maxim Afinogenov (BUF) for Charging (Minor) at 15:48

Period #2

3. Lightning , Brad Richards 11 (Filip Kuba, Vincent Lecavalier) at 17:43 (PP)

Penalities :
John-Michael Liles (BUF) for Diving (Minor) at 1:27, Daniel Briere (BUF) for Diving (Minor) at 3:46, Nolan Pratt (TBL) for Roughing (Minor) at 9:23, Henrik Tallinder (BUF) for High sticking (Minor) at 17:05, Tom Poti (TBL) for Elbowing (Minor) at 19:20

Period #3

4. Sabres , Milan Hejduk 14 (Doug Weight, Daniel Briere) at 0:22 (PP)

Penalities :
Ruslan Fedotenko (TBL) for Clipping (Minor) at 0:44, Doug Weight (BUF) for Elbowing (Minor) at 8:02, Mike Modano (TBL) for Charging (Minor) at 13:24

Goalie Stats

Marc Denis (TBL), 27 saves from 30 shots - (0.900), L, 16-6-3, 60:00 minutes
Peter Budaj (BUF), 27 saves from 28 shots - (0.964), W, 7-6-1, 60:00 minutes

Players Stats

Lightning
Player Name              G  A  P  +/- PIM S  H  SB FO MP 
-----------------------------------------------------------
Brad Richards            1  0  1   0  0   5  0  0  3  21 
Dan Boyle                0  0  0   0  0   1  1  1  0  24 
Dmitry Afanasenkov       0  0  0  -1  0   2  0  0  1  16 
Ed Jovanovski            0  0  0  -1  0   1  1  1  0  21 
Eric Daze                0  0  0  -1  0   3  0  0  0  15 
Filip Kuba               0  1  1   0  0   1  0  1  0  22 
Martin Cibak             0  0  0   0  0   0  0  0  0  2  
Martin St-Louis          0  0  0   0  0   2  0  0  1  23 
Mike Modano              0  0  0  -1  4   3  0  0  25 22 
Nolan Pratt              0  0  0  -1  2   0  1  0  0  21 
Paul Ranger              0  0  0  -1  0   0  3  1  0  22 
Rob DiMaio               0  0  0   0  0   0  0  0  0  0  
Ruslan Fedotenko         0  0  0  -1  2   2  1  1  1  21 
Ryan Craig               0  0  0  -1  0   1  1  0  21 15 
Tim Taylor               0  0  0   0  0   0  0  0  0  0  
Tom Poti                 0  0  0  -1  2   1  1  1  0  16 
Vaclav Prospal           0  0  0  -1  0   0  1  0  5  24 
Vincent Lecavalier       0  1  1   0  0   6  1  0  28 24 
Sabres
Player Name              G  A  P  +/- PIM S  H  SB FO MP 
-----------------------------------------------------------
Brian Campbell           0  1  1   1  0   2  0  0  0  21 
Chris Drury              0  0  0   1  0   0  1  0  3  17 
Daniel Briere            0  1  1   0  2   5  0  0  16 19 
Derek Roy                0  1  1   1  0   1  1  0  28 22 
Dmitri Kalinin           0  0  0   0  0   0  0  0  0  2  
Doug Weight              0  2  2   1  2   3  1  0  19 16 
Henrik Tallinder         0  0  0   1  2   0  1  2  0  17 
Jason Pominville         2  0  2   2  0   4  0  0  2  13 
Jochen Hecht             0  0  0   0  0   0  1  0  0  10 
John-Michael Liles       0  0  0   0  2   1  2  3  0  22 
Maxim Afinogenov         0  1  1   1  2   2  0  0  1  20 
Milan Hejduk             1  0  1   0  0   3  1  0  1  22 
Nathan Horton            0  0  0   0  0   6  0  0  1  16 
Rob Blake                0  0  0   0  2   0  2  3  0  23 
Teppo Numminen           0  0  0   1  0   0  0  5  0  23 
Thomas Vanek             0  0  0   0  0   2  1  0  0  15 
Tim Connolly             0  0  0   0  0   1  1  0  14 10 
Toni Lydman              0  0  0   1  0   0  0  0  0  18 

3 Stars

1 - Jason Pominville (BUF)
2 - Peter Budaj (BUF)
3 - Marc Denis (TBL)

Power Play

Lightning - 1 on 5 Attempt(s) - 20.00%
Sabres - 1 on 6 Attempt(s) - 16.67%

Penalty Kill

Lightning - 5 on 6 Attempt(s) - 83.33% - Score 0 goal in Penalty Kill
Sabres - 4 on 5 Attempt(s) - 80.00% - Score 0 goal in Penalty Kill

Game Notes

No Game Note

Finance

Level 1 -- Attendance: 3148 (52.46%) -- Ticket Income $424,980.00
Level 2 -- Attendance: 2682 (53.64%) -- Ticket Income $227,970.00
Level 3 -- Attendance: 2014 (89.53%) -- Ticket Income $70,490.00
Level 4 -- Attendance: 2123 (49.96%) -- Ticket Income $63,690.00
Luxury Box -- Attendance: 591 (59.14%) -- Ticket Income $141,840.00
Game was played at the HSBC Arena
Total Attendance: 10558 (57.07%)
Total Ticket Income: $1,018,973.00
Other Expense: $113,779.20
Total Income: $905,194.00


Play by Play

Period #1

0:01 of 1st period - Vincent Lecavalier wins face-off versus Daniel Briere in neutral zone.
0:30 of 1st period - Shot by Daniel Briere.
0:30 of 1st period - Shot Misses the Net.
0:33 of 1st period - Shot by Daniel Briere.
0:33 of 1st period - Shot Misses the Net.
0:38 of 1st period - Shot by Daniel Briere.
0:38 of 1st period - Stopped by Marc Denis with a rebound.
1:09 of 1st period - Shot by Mike Modano.
1:09 of 1st period - Stopped by Peter Budaj without a rebound.
1:10 of 1st period - Ryan Craig wins face-off versus Doug Weight in Sabres zone.
1:21 of 1st period - Shot by Eric Daze.
1:21 of 1st period - Stopped by Peter Budaj without a rebound.
1:22 of 1st period - Chris Drury wins face-off versus Mike Modano in Sabres zone.
1:33 of 1st period - Shot by Jason Pominville.
1:33 of 1st period - Stopped by Marc Denis without a rebound.
1:34 of 1st period - Doug Weight wins face-off versus Ryan Craig in Lightning zone.
2:55 of 1st period - Shot by Vincent Lecavalier.
2:55 of 1st period - Stopped by Peter Budaj without a rebound.
2:56 of 1st period - Daniel Briere wins face-off versus Mike Modano in Sabres zone.
3:38 of 1st period - Mike Modano is hit by Thomas Vanek and loses puck.
4:09 of 1st period - Minor Penalty to Rob Blake for Charging.
4:10 of 1st period - Vincent Lecavalier wins face-off versus Derek Roy in Sabres zone.
4:19 of 1st period - Shot by Martin St-Louis.
4:19 of 1st period - Stopped by Peter Budaj without a rebound.
4:20 of 1st period - Derek Roy wins face-off versus Mike Modano in Sabres zone.
6:15 of 1st period - Shot by Eric Daze.
6:15 of 1st period - Shot Misses the Net.
6:16 of 1st period - Shot by Dmitry Afanasenkov.
6:16 of 1st period - Shot Blocked by Rob Blake.
6:17 of 1st period - Shot by Ryan Craig.
6:17 of 1st period - Shot Blocked by Rob Blake.
7:10 of 1st period - Shot by Brad Richards.
7:10 of 1st period - Stopped by Peter Budaj without a rebound.
7:11 of 1st period - Doug Weight wins face-off versus Vincent Lecavalier in Sabres zone.
8:20 of 1st period - Shot by Jason Pominville.
8:20 of 1st period - Goal by Jason Pominville.
8:21 of 1st period - Daniel Briere wins face-off versus Ryan Craig in neutral zone.
8:25 of 1st period - Rob Blake is hit by Ryan Craig and loses puck.
8:31 of 1st period - Shot by Daniel Briere.
8:31 of 1st period - Shot Misses the Net.
8:37 of 1st period - Icing by John-Michael Liles.
8:38 of 1st period - Vincent Lecavalier wins face-off versus Daniel Briere in Sabres zone.
8:43 of 1st period - Shot by Vincent Lecavalier.
8:43 of 1st period - Shot Blocked by Rob Blake.
8:44 of 1st period - Shot by Martin St-Louis.
8:44 of 1st period - Shot Misses the Net.
8:47 of 1st period - Shot by Martin St-Louis.
8:47 of 1st period - Shot Blocked by John-Michael Liles.
8:50 of 1st period - Shot by Martin St-Louis.
8:50 of 1st period - Stopped by Peter Budaj without a rebound.
8:51 of 1st period - Ryan Craig wins face-off versus Derek Roy in Sabres zone.
8:52 of 1st period - Shot by Eric Daze.
8:52 of 1st period - Stopped by Peter Budaj without a rebound.
8:53 of 1st period - Tim Connolly wins face-off versus Ryan Craig in Sabres zone.
9:12 of 1st period - Shot by Maxim Afinogenov.
9:12 of 1st period - Shot Misses the Net.
9:17 of 1st period - Shot by Maxim Afinogenov.
9:17 of 1st period - Stopped by Marc Denis without a rebound.
9:18 of 1st period - Doug Weight wins face-off versus Mike Modano in Lightning zone.
9:33 of 1st period - Shot by Doug Weight.
9:33 of 1st period - Stopped by Marc Denis without a rebound.
9:34 of 1st period - Vincent Lecavalier wins face-off versus Derek Roy in Lightning zone.
10:09 of 1st period - Shot by Vincent Lecavalier.
10:09 of 1st period - Shot Misses the Net.
10:46 of 1st period - Shot by Vaclav Prospal.
10:46 of 1st period - Shot Blocked by John-Michael Liles.
10:51 of 1st period - Shot by Milan Hejduk.
10:51 of 1st period - Shot Blocked by Ed Jovanovski.
10:54 of 1st period - Shot by Thomas Vanek.
10:54 of 1st period - Stopped by Marc Denis without a rebound.
10:55 of 1st period - Ryan Craig wins face-off versus Doug Weight in Lightning zone.
12:00 of 1st period - Shot by Martin St-Louis.
12:00 of 1st period - Shot Misses the Net.
12:01 of 1st period - Shot by Dan Boyle.
12:01 of 1st period - Stopped by Peter Budaj with a rebound.
12:02 of 1st period - Shot by Filip Kuba.
12:02 of 1st period - Stopped by Peter Budaj with a rebound.
12:05 of 1st period - Shot by Vincent Lecavalier.
12:05 of 1st period - Shot Blocked by John-Michael Liles.
12:08 of 1st period - Shot by Vincent Lecavalier.
12:08 of 1st period - Shot Misses the Net.
12:26 of 1st period - Daniel Briere is hit by Ruslan Fedotenko and loses puck.
12:37 of 1st period - Minor Penalty to Mike Modano for Tripping.
12:38 of 1st period - Vaclav Prospal wins face-off versus Derek Roy in Lightning zone.
13:54 of 1st period - Icing by John-Michael Liles.
13:55 of 1st period - Daniel Briere wins face-off versus Ruslan Fedotenko in Sabres zone.
14:11 of 1st period - Icing by Nathan Horton.
14:12 of 1st period - Derek Roy wins face-off versus Vaclav Prospal in Sabres zone.
14:52 of 1st period - Jason Pominville is hit by Tom Poti and loses puck.
15:04 of 1st period - Shot by Jason Pominville.
15:04 of 1st period - Stopped by Marc Denis with a rebound.
15:05 of 1st period - Shot by Henrik Tallinder.
15:05 of 1st period - Shot Blocked by Tom Poti.
15:14 of 1st period - Shot by Jason Pominville.
15:14 of 1st period - Goal by Jason Pominville.
15:15 of 1st period - Tim Connolly wins face-off versus Vincent Lecavalier in neutral zone.
15:19 of 1st period - Icing by Dan Boyle.
15:20 of 1st period - Tim Connolly wins face-off versus Vincent Lecavalier in Lightning zone.
15:34 of 1st period - Martin St-Louis is hit by Jochen Hecht and loses puck.
15:48 of 1st period - Shot by Martin St-Louis.
15:48 of 1st period - Shot Misses the Net.
15:48 of 1st period - Minor Penalty to Maxim Afinogenov for Charging.
15:49 of 1st period - Mike Modano wins face-off versus Tim Connolly in Sabres zone.
16:07 of 1st period - Off-side.
16:08 of 1st period - Vincent Lecavalier wins face-off versus Derek Roy in neutral zone.
17:53 of 1st period - Shot by Dmitry Afanasenkov.
17:53 of 1st period - Stopped by Peter Budaj without a rebound.
17:54 of 1st period - Doug Weight wins face-off versus Ryan Craig in Sabres zone.
17:58 of 1st period - Doug Weight is hit by Nolan Pratt and loses puck.
18:26 of 1st period - Shot by Doug Weight.
18:26 of 1st period - Stopped by Marc Denis without a rebound.
18:27 of 1st period - Daniel Briere wins face-off versus Vincent Lecavalier in Lightning zone.
18:28 of 1st period - Shot by Milan Hejduk.
18:28 of 1st period - Shot Blocked by Filip Kuba.
18:37 of 1st period - Shot by Daniel Briere.
18:37 of 1st period - Shot Misses the Net.
19:24 of 1st period - Shot by Ryan Craig.
19:24 of 1st period - Stopped by Peter Budaj with a rebound.
19:26 of 1st period - Icing by Brian Campbell.
19:27 of 1st period - Mike Modano wins face-off versus Derek Roy in Sabres zone.
19:38 of 1st period - Shot by Ruslan Fedotenko.
19:38 of 1st period - Shot Misses the Net.
19:41 of 1st period - Shot by Mike Modano.
19:41 of 1st period - Stopped by Peter Budaj with a rebound.
19:42 of 1st period - Shot by Ed Jovanovski.
19:42 of 1st period - Shot Misses the Net.
19:53 of 1st period - Shot by Vaclav Prospal.
19:53 of 1st period - Stopped by Peter Budaj with a rebound.

Period #2

0:01 of 2nd period - Milan Hejduk wins face-off versus Vincent Lecavalier in neutral zone.
0:05 of 2nd period - Thomas Vanek is hit by Vincent Lecavalier and loses puck.
0:15 of 2nd period - Shot by Milan Hejduk.
0:15 of 2nd period - Stopped by Marc Denis with a rebound.
0:18 of 2nd period - Shot by Daniel Briere.
0:18 of 2nd period - Stopped by Marc Denis with a rebound.
0:19 of 2nd period - Shot by John-Michael Liles.
0:19 of 2nd period - Stopped by Marc Denis without a rebound.
0:20 of 2nd period - Mike Modano wins face-off versus Derek Roy in Lightning zone.
0:28 of 2nd period - Icing by Chris Drury.
0:29 of 2nd period - Ryan Craig wins face-off versus Derek Roy in Sabres zone.
0:47 of 2nd period - Eric Daze is hit by Chris Drury and loses puck.
0:50 of 2nd period - Off-side.
0:51 of 2nd period - Vincent Lecavalier wins face-off versus Daniel Briere in neutral zone.
0:59 of 2nd period - Icing by Rob Blake.
1:00 of 2nd period - Daniel Briere wins face-off versus Mike Modano in Sabres zone.
1:00 of 2nd period - Milan Hejduk is hit by Ed Jovanovski and loses puck.
1:06 of 2nd period - Shot by Ruslan Fedotenko.
1:06 of 2nd period - Shot Misses the Net.
1:07 of 2nd period - Shot by Paul Ranger.
1:07 of 2nd period - Shot Misses the Net.
1:15 of 2nd period - Mike Modano is hit by John-Michael Liles and loses puck.
1:25 of 2nd period - Shot by Mike Modano.
1:25 of 2nd period - Shot Misses the Net.
1:27 of 2nd period - Minor Penalty to John-Michael Liles for Diving.
1:28 of 2nd period - Derek Roy wins face-off versus Vincent Lecavalier in Sabres zone.
1:36 of 2nd period - Off-side.
1:37 of 2nd period - Tim Connolly wins face-off versus Vincent Lecavalier in neutral zone.
1:56 of 2nd period - Shot by Vincent Lecavalier.
1:56 of 2nd period - Stopped by Peter Budaj without a rebound.
1:57 of 2nd period - Mike Modano wins face-off versus Derek Roy in Sabres zone.
2:16 of 2nd period - Shot by Ruslan Fedotenko.
2:16 of 2nd period - Shot Blocked by Henrik Tallinder.
2:19 of 2nd period - Shot by Ruslan Fedotenko.
2:19 of 2nd period - Shot Blocked by Teppo Numminen.
2:22 of 2nd period - Shot by Mike Modano.
2:22 of 2nd period - Shot Blocked by Henrik Tallinder.
2:23 of 2nd period - Shot by Paul Ranger.
2:23 of 2nd period - Shot Blocked by Teppo Numminen.
3:02 of 2nd period - Shot by Vincent Lecavalier.
3:02 of 2nd period - Stopped by Peter Budaj with a rebound.
3:40 of 2nd period - Icing by Nolan Pratt.
3:41 of 2nd period - Dmitry Afanasenkov wins face-off versus Daniel Briere in Lightning zone.
3:46 of 2nd period - Shot by Ryan Craig.
3:46 of 2nd period - Shot Misses the Net.
3:46 of 2nd period - Minor Penalty to Daniel Briere for Diving.
3:47 of 2nd period - Mike Modano wins face-off versus Tim Connolly in Sabres zone.
4:04 of 2nd period - Shot by Ruslan Fedotenko.
4:04 of 2nd period - Stopped by Peter Budaj without a rebound.
4:05 of 2nd period - Vincent Lecavalier wins face-off versus Tim Connolly in Sabres zone.
5:00 of 2nd period - Shot by Vaclav Prospal.
5:00 of 2nd period - Shot Misses the Net.
5:01 of 2nd period - Shot by Ed Jovanovski.
5:01 of 2nd period - Stopped by Peter Budaj without a rebound.
5:02 of 2nd period - Mike Modano wins face-off versus Derek Roy in Sabres zone.
5:16 of 2nd period - Icing by Paul Ranger.
5:17 of 2nd period - Mike Modano wins face-off versus Derek Roy in Lightning zone.
5:50 of 2nd period - Shot by Ryan Craig.
5:50 of 2nd period - Shot Misses the Net.
5:58 of 2nd period - Dmitry Afanasenkov is hit by John-Michael Liles and loses puck.
6:38 of 2nd period - Shot by Chris Drury.
6:38 of 2nd period - Shot Misses the Net.
6:41 of 2nd period - Shot by Nathan Horton.
6:41 of 2nd period - Stopped by Marc Denis without a rebound.
6:42 of 2nd period - Chris Drury wins face-off versus Vincent Lecavalier in Lightning zone.
6:42 of 2nd period - Derek Roy is hit by Dan Boyle and loses puck.
7:22 of 2nd period - Shot by Brad Richards.
7:22 of 2nd period - Stopped by Peter Budaj without a rebound.
7:23 of 2nd period - Mike Modano wins face-off versus Doug Weight in Sabres zone.
7:57 of 2nd period - Mike Modano is hit by Doug Weight and loses puck.
8:47 of 2nd period - Shot by Milan Hejduk.
8:47 of 2nd period - Stopped by Marc Denis with a rebound.
8:50 of 2nd period - Shot by Thomas Vanek.
8:50 of 2nd period - Stopped by Marc Denis without a rebound.
8:51 of 2nd period - Vincent Lecavalier wins face-off versus Chris Drury in Lightning zone.
9:03 of 2nd period - Off-side.
9:04 of 2nd period - Daniel Briere wins face-off versus Ryan Craig in neutral zone.
9:21 of 2nd period - Shot by Daniel Briere.
9:21 of 2nd period - Stopped by Marc Denis with a rebound.
9:23 of 2nd period - Minor Penalty to Nolan Pratt for Roughing.
9:24 of 2nd period - Derek Roy wins face-off versus Brad Richards in Lightning zone.
9:43 of 2nd period - Shot by Nathan Horton.
9:43 of 2nd period - Stopped by Marc Denis without a rebound.
9:44 of 2nd period - Daniel Briere wins face-off versus Brad Richards in Lightning zone.
10:11 of 2nd period - Shot by Milan Hejduk.
10:11 of 2nd period - Stopped by Marc Denis with a rebound.
11:41 of 2nd period - Icing by Nolan Pratt.
11:42 of 2nd period - Ryan Craig wins face-off versus Jason Pominville in Lightning zone.
12:06 of 2nd period - Icing by Henrik Tallinder.
12:07 of 2nd period - Mike Modano wins face-off versus Doug Weight in Sabres zone.
12:42 of 2nd period - Shot by Mike Modano.
12:42 of 2nd period - Shot Misses the Net.
13:09 of 2nd period - Shot by Dan Boyle.
13:09 of 2nd period - Shot Misses the Net.
13:21 of 2nd period - Vincent Lecavalier is hit by Milan Hejduk and loses puck.
13:45 of 2nd period - Shot by Tom Poti.
13:45 of 2nd period - Stopped by Peter Budaj without a rebound.
13:46 of 2nd period - Jason Pominville wins face-off versus Ryan Craig in Sabres zone.
14:01 of 2nd period - Shot by Dmitry Afanasenkov.
14:01 of 2nd period - Shot Misses the Net.
14:29 of 2nd period - Off-side.
14:30 of 2nd period - Mike Modano wins face-off versus Doug Weight in neutral zone.
14:47 of 2nd period - Shot by Mike Modano.
14:47 of 2nd period - Stopped by Peter Budaj without a rebound.
14:48 of 2nd period - Doug Weight wins face-off versus Vincent Lecavalier in Sabres zone.
14:57 of 2nd period - Shot by Martin St-Louis.
14:57 of 2nd period - Stopped by Peter Budaj without a rebound.
14:58 of 2nd period - Vincent Lecavalier wins face-off versus Tim Connolly in Sabres zone.
15:20 of 2nd period - Vincent Lecavalier is hit by Tim Connolly and loses puck.
15:24 of 2nd period - Shot by Maxim Afinogenov.
15:24 of 2nd period - Stopped by Marc Denis with a rebound.
15:27 of 2nd period - Shot by Maxim Afinogenov.
15:27 of 2nd period - Shot Misses the Net.
15:50 of 2nd period - Shot by Eric Daze.
15:50 of 2nd period - Stopped by Peter Budaj with a rebound.
15:53 of 2nd period - Shot by Ryan Craig.
15:53 of 2nd period - Shot Misses the Net.
15:56 of 2nd period - Shot by Dmitry Afanasenkov.
15:56 of 2nd period - Stopped by Peter Budaj without a rebound.
15:57 of 2nd period - Derek Roy wins face-off versus Mike Modano in Sabres zone.
16:27 of 2nd period - Derek Roy is hit by Paul Ranger and loses puck.
16:30 of 2nd period - Icing by Ed Jovanovski.
16:31 of 2nd period - Daniel Briere wins face-off versus Mike Modano in Lightning zone.
16:42 of 2nd period - Shot by Daniel Briere.
16:42 of 2nd period - Stopped by Marc Denis with a rebound.
16:43 of 2nd period - Shot by Rob Blake.
16:43 of 2nd period - Shot Misses the Net.
16:52 of 2nd period - Shot by Daniel Briere.
16:52 of 2nd period - Shot Blocked by Ruslan Fedotenko.
17:04 of 2nd period - Ed Jovanovski is hit by Rob Blake and loses puck.
17:05 of 2nd period - Minor Penalty to Henrik Tallinder for High sticking.
17:06 of 2nd period - Tim Connolly wins face-off versus Vincent Lecavalier in Lightning zone.
17:37 of 2nd period - Shot by Vincent Lecavalier.
17:37 of 2nd period - Shot Blocked by Teppo Numminen.
17:40 of 2nd period - Shot by Vincent Lecavalier.
17:40 of 2nd period - Stopped by Peter Budaj with a rebound.
17:43 of 2nd period - Shot by Brad Richards.
17:43 of 2nd period - Goal by Brad Richards.
17:44 of 2nd period - Ryan Craig wins face-off versus Maxim Afinogenov in neutral zone.
17:50 of 2nd period - Eric Daze is hit by Henrik Tallinder and loses puck.
17:53 of 2nd period - Icing by Maxim Afinogenov.
17:54 of 2nd period - Ryan Craig wins face-off versus Doug Weight in Sabres zone.
18:09 of 2nd period - Shot by Nathan Horton.
18:09 of 2nd period - Stopped by Marc Denis without a rebound.
18:10 of 2nd period - Daniel Briere wins face-off versus Vincent Lecavalier in Lightning zone.
19:20 of 2nd period - Minor Penalty to Tom Poti for Elbowing.
19:21 of 2nd period - Vaclav Prospal wins face-off versus Derek Roy in neutral zone.
19:27 of 2nd period - Icing by Teppo Numminen.
19:28 of 2nd period - Derek Roy wins face-off versus Vaclav Prospal in Sabres zone.

Period #3

0:01 of 3rd period - Mike Modano wins face-off versus Daniel Briere in neutral zone.
0:22 of 3rd period - Shot by Milan Hejduk.
0:22 of 3rd period - Goal by Milan Hejduk.
0:23 of 3rd period - Vincent Lecavalier wins face-off versus Derek Roy in neutral zone.
0:28 of 3rd period - Shot by Brad Richards.
0:28 of 3rd period - Shot Blocked by Teppo Numminen.
0:29 of 3rd period - Shot by Dan Boyle.
0:29 of 3rd period - Shot Blocked by Teppo Numminen.
0:30 of 3rd period - Shot by Vincent Lecavalier.
0:30 of 3rd period - Stopped by Peter Budaj without a rebound.
0:31 of 3rd period - Doug Weight wins face-off versus Ryan Craig in Sabres zone.
0:35 of 3rd period - Icing by Maxim Afinogenov.
0:36 of 3rd period - Mike Modano wins face-off versus Doug Weight in Sabres zone.
0:44 of 3rd period - Minor Penalty to Ruslan Fedotenko for Clipping.
0:45 of 3rd period - Nathan Horton wins face-off versus Mike Modano in Lightning zone.
1:11 of 3rd period - Derek Roy is hit by Vaclav Prospal and loses puck.
2:23 of 3rd period - Shot by Milan Hejduk.
2:23 of 3rd period - Shot Misses the Net.
2:48 of 3rd period - Shot by Doug Weight.
2:48 of 3rd period - Stopped by Marc Denis without a rebound.
2:49 of 3rd period - Ryan Craig wins face-off versus Tim Connolly in Lightning zone.
3:39 of 3rd period - Icing by Tom Poti.
3:40 of 3rd period - Derek Roy wins face-off versus Ryan Craig in Lightning zone.
5:21 of 3rd period - Shot by Doug Weight.
5:21 of 3rd period - Stopped by Marc Denis without a rebound.
5:22 of 3rd period - Tim Connolly wins face-off versus Vincent Lecavalier in Lightning zone.
6:52 of 3rd period - Off-side.
6:53 of 3rd period - Doug Weight wins face-off versus Ryan Craig in neutral zone.
7:06 of 3rd period - Shot by Nathan Horton.
7:06 of 3rd period - Stopped by Marc Denis without a rebound.
7:07 of 3rd period - Ryan Craig wins face-off versus Derek Roy in Lightning zone.
7:30 of 3rd period - Shot by Jason Pominville.
7:30 of 3rd period - Shot Misses the Net.
7:48 of 3rd period - Off-side.
7:49 of 3rd period - Doug Weight wins face-off versus Martin St-Louis in neutral zone.
7:54 of 3rd period - Shot by Nathan Horton.
7:54 of 3rd period - Stopped by Marc Denis with a rebound.
8:02 of 3rd period - Minor Penalty to Doug Weight for Elbowing.
8:03 of 3rd period - Mike Modano wins face-off versus Tim Connolly in Lightning zone.
9:21 of 3rd period - Derek Roy is hit by Paul Ranger and loses puck.
9:55 of 3rd period - Shot by Vincent Lecavalier.
9:55 of 3rd period - Stopped by Peter Budaj without a rebound.
9:56 of 3rd period - Vincent Lecavalier wins face-off versus Tim Connolly in Sabres zone.
11:16 of 3rd period - Off-side.
11:17 of 3rd period - Vincent Lecavalier wins face-off versus Derek Roy in neutral zone.
11:17 of 3rd period - Mike Modano is hit by Derek Roy and loses puck.
11:29 of 3rd period - Shot by Derek Roy.
11:29 of 3rd period - Shot Misses the Net.
11:47 of 3rd period - Icing by Vincent Lecavalier.
11:48 of 3rd period - Vincent Lecavalier wins face-off versus Daniel Briere in Lightning zone.
12:22 of 3rd period - Icing by Eric Daze.
12:23 of 3rd period - Ryan Craig wins face-off versus Doug Weight in Lightning zone.
13:02 of 3rd period - Shot by Nathan Horton.
13:02 of 3rd period - Stopped by Marc Denis without a rebound.
13:03 of 3rd period - Mike Modano wins face-off versus Derek Roy in Lightning zone.
13:05 of 3rd period - Icing by Ed Jovanovski.
13:06 of 3rd period - Mike Modano wins face-off versus Derek Roy in Lightning zone.
13:24 of 3rd period - Minor Penalty to Mike Modano for Charging.
13:25 of 3rd period - Doug Weight wins face-off versus Brad Richards in Lightning zone.
14:26 of 3rd period - Shot by Derek Roy.
14:26 of 3rd period - Stopped by Marc Denis with a rebound.
14:29 of 3rd period - Shot by Derek Roy.
14:29 of 3rd period - Shot Misses the Net.
14:34 of 3rd period - Shot by Brian Campbell.
14:34 of 3rd period - Shot Blocked by Dan Boyle.
14:35 of 3rd period - Shot by Brian Campbell.
14:35 of 3rd period - Stopped by Marc Denis without a rebound.
14:36 of 3rd period - Derek Roy wins face-off versus Vaclav Prospal in Lightning zone.
14:36 of 3rd period - Nathan Horton is hit by Paul Ranger and loses puck.
14:50 of 3rd period - Shot by Nathan Horton.
14:50 of 3rd period - Shot Blocked by Paul Ranger.
15:26 of 3rd period - Icing by Daniel Briere.
15:27 of 3rd period - Ryan Craig wins face-off versus Tim Connolly in Sabres zone.
15:27 of 3rd period - Dmitry Afanasenkov is hit by Rob Blake and loses puck.
15:43 of 3rd period - Shot by Jochen Hecht.
15:43 of 3rd period - Shot Misses the Net.
16:40 of 3rd period - Shot by Maxim Afinogenov.
16:40 of 3rd period - Shot Misses the Net.
16:59 of 3rd period - Shot by Thomas Vanek.
16:59 of 3rd period - Shot Misses the Net.
17:01 of 3rd period - Icing by Brad Richards.
17:02 of 3rd period - Derek Roy wins face-off versus Vincent Lecavalier in Lightning zone.
17:10 of 3rd period - Icing by Dan Boyle.
17:11 of 3rd period - Vincent Lecavalier wins face-off versus Derek Roy in Lightning zone.
17:25 of 3rd period - Icing by Dan Boyle.
17:26 of 3rd period - Vincent Lecavalier wins face-off versus Daniel Briere in Lightning zone.
18:11 of 3rd period - Shot by Ryan Craig.
18:11 of 3rd period - Shot Misses the Net.
18:24 of 3rd period - Shot by Derek Roy.
18:24 of 3rd period - Shot Misses the Net.
18:25 of 3rd period - Shot by Brian Campbell.
18:25 of 3rd period - Shot Misses the Net.
18:26 of 3rd period - Shot by Teppo Numminen.
18:26 of 3rd period - Shot Misses the Net.
18:27 of 3rd period - Shot by Brian Campbell.
18:27 of 3rd period - Stopped by Marc Denis without a rebound.
18:28 of 3rd period - Mike Modano wins face-off versus Doug Weight in Lightning zone.
18:44 of 3rd period - Icing by Paul Ranger.
18:45 of 3rd period - Mike Modano wins face-off versus Derek Roy in Lightning zone.
19:38 of 3rd period - Shot by Brad Richards.
19:38 of 3rd period - Shot Misses the Net.
19:41 of 3rd period - Shot by Martin St-Louis.
19:41 of 3rd period - Shot Misses the Net.
19:44 of 3rd period - Shot by Vincent Lecavalier.
19:44 of 3rd period - Stopped by Peter Budaj without a rebound.
19:45 of 3rd period - Doug Weight wins face-off versus Ryan Craig in Sabres zone.


Output by the SimonT Hockey Simulator (STHS) for Stephane Roy -- Original Page W3C XHTML 1.0 Valid